 Dungeon Crawl Stone Soup version 0.31-a0-187-gba352fbbf7 (webtiles) character file.

Game seed: 2336950784061342891

21 qw the Shooter (level 2, 0/16 HPs)
             Began as a Deep Elf Hunter on June 22, 2023.
             Slain by a quokka (2 damage)
             ... on level 1 of the Dungeon.
             The game lasted 00:00:15 (914 turns).

qw the Shooter (Deep Elf Hunter)                     Turns: 914, Time: 00:00:16

Health: 0/16       AC:  6    Str:  8    XL:     2   Next: 65%
Magic:  4/4        EV:  8    Int: 13    God:
Gold:   135        SH:  0    Dex: 18    Spells: 1/1 levels left

rFire   . . .        Y - +0 shortbow
rCold   . . .        (shield currently unavailable)
rNeg    . . .        e - +0 scale mail
rPois   .            (no helmet)
rElec   .            (no cloak)
rCorr   .            (no gloves)
SInv    .            (no boots)
Will    .....        (no amulet)
Stlth   +            (no ring)
HPRegen 0.22/turn    (no ring)
MPRegen 0.09/turn

%: no passive effects
@: no status effects
A: no striking features
a: no special abilities


You were on level 1 of the Dungeon.
You visited 1 branch of the dungeon, and saw 2 of its levels.

You collected 135 gold pieces.


   Skills:
 - Level 1.5 Fighting
 + Level 6.4 Ranged Weapons
 - Level 2.4 Dodging
 - Level 1.2 Stealth


You had one spell level left.
You didn't know any spells.
Your spell library was empty.

Inventory:

Hand Weapons
 Y - a +0 shortbow (weapon)
Armour
 e - a +0 scale mail (worn)
Potions
 g - a potion of magic {unknown}

Dungeon Overview and Level Annotations

Branches:
Dungeon (2/15)

Altars:


Message History

There is a stone staircase leading down here.
You climb downwards.
The adder hisses angrily.
Found a smoky ruby potion and 13 gold pieces.
Found an escape hatch in the ceiling.
There is a stone staircase leading up here.
There are monsters nearby!
Waypoint 1 assigned to D:2.
You shoot an arrow.
The arrow hits the adder but does no damage.
You shoot an arrow. The arrow hits the adder.
The adder is heavily wounded.
The adder barely misses you. The adder bites you but does no damage.
The quokka bites you.
You shoot an arrow. The arrow completely misses the adder.
The adder bites you.
You are poisoned.
The adder poisons you!
The quokka bites you but does no damage.
The adder closely misses you. The quokka barely misses you.
909 ||| STAIRDANCE You feel sick.
The adder barely misses you.
The quokka bites you but does no damage.
You climb upwards.
You feel sick.
There is a stone staircase leading down here.
You shoot an arrow. The arrow hits the adder.
The adder is severely wounded.
You feel sick. The adder bites you but does no damage. The quokka bites you.
The adder completely misses you. The quokka bites you.
You shoot an arrow. The arrow closely misses the adder.
You feel sick.
You are no longer poisoned.
The adder bites you but does no damage. The quokka bites you.
The adder bites you but does no damage.
You shoot an arrow. The arrow barely misses the adder.
The quokka barely misses you. The adder barely misses you.
The quokka barely misses you. The adder bites you.
You shoot an arrow. The arrow hits the adder!
You kill the adder!
The quokka barely misses you. The quokka bites you.
You die...

####### #.....#
#.###.######## #.#
#).......#
#.##########.# #######
#....r@...##.# #......
######%##....# #.#####
#........#..# #....##
#...........# ##.##.##
#...........# #...#...
#........#..###...#.##
#........#........#.##
#....#####.####...#.##
#....# #.........#.#.


You could see a quokka.

Vanquished Creatures
  An adder (D:1)
  2 ball pythons (D:1)
  4 endoplasms (D:1)
  2 giant cockroaches (D:1)
  A goblin (D:1)
  A hobgoblin (D:1)
  4 jackals (D:1)
  A frilled lizard (D:1)
  2 kobolds (D:1)
  A rat (D:1)
19 creatures vanquished.

Notes
Turn   | Place    | Note
-------+----------+-------------------------------------------
     0 | D:1      | qw the Deep Elf Hunter began the quest for the Orb.
     0 | D:1      | Reached XP level 1. HP: 12/12 MP: 3/3
     0 | D:1      | 0 ||| qw: Version: 0.3-a-9-g12657ce
     0 | D:1      | 0 ||| qw: Game counter: 2200
     0 | D:1      | 0 ||| qw: Always use a shield: true
     0 | D:1      | 0 ||| qw: God list: Okawaru
     0 | D:1      | 0 ||| qw: Allow faded altars: false
     0 | D:1      | 0 ||| qw: Do Orc after D:15 true
     0 | D:1      | 0 ||| qw: Do second Lair branch before Depths: true
     0 | D:1      | 0 ||| qw: Lair rune preference: random
     0 | D:1      | 0 ||| qw: Plans: Normal
     0 | D:1      | 0 ||| PLANNING D:1-11
   217 | D:1      | Reached skill level 6 in Ranged Weapons
   217 | D:1      | Reached XP level 2. HP: 14/16 MP: 4/4
   448 | D:1      | 448 ||| Stepping ~*~*~tactically~*~*~ (outnumbered).
   458 | D:1      | HP: 4/16 [goblin/+0 club (2)]
   468 | D:1      | HP: 4/16 [jackal (1)]
   571 | D:1      | Found a faded altar of an unknown god.
   865 | D:1      | 865 ||| UPGRADING to +0 scale mail.
   875 | D:1      | 875 ||| DROPPING +0 leather armour.
   876 | D:1      | 876 ||| READING scroll labelled YMUOMU MEDOECS.
   877 | D:1      | 877 ||| READING scroll labelled TUTUHI ODWE.
   878 | D:1      | 878 ||| DROPPING scroll of butterflies.
   909 | D:2      | 909 ||| STAIRDANCE
   911 | D:1      | HP: 4/16 [quokka (2)]
   914 | D:1      | Slain by a quokka

Levels and vault maps discovered:
D:1:      minmay_arrival_glassed_features, layout_basic,
          shapermc_ecumenical_altar_acropolis, minivault_24
D:2:      mumra_celtic_spiral_tile, layout_rooms

Skill      XL: |  1 |
---------------+----+-----
Ranged Weapons | 6 |  6.4
Fighting       | |  1.5
Dodging        | |  2.4
Stealth        | |  1.2

Action                     || total
---------------------------++-------
   Fire: Shortbow          ||    65
    Use: Scroll            ||     2
 Armour: Leather armour    ||    12
         Scale mail        ||     6
  Dodge: Dodged            ||    38

Table legend:
 A = Non-vault XP
 B = Vault XP
 C = Vault XP percentage of total XP
 D = Non-vault monster count
 E = Vault monster count
 F = Vault count percentage of total count
                 A         B        C        D         E       F
            +---------+---------+-------+---------+---------+-------
      Total |      44 |       0 |   0.0 |      19 |       0 |   0.0
            +---------+---------+-------+---------+---------+-------
        D:1 |      44 |       0 |   0.0 |      19 |       0 |   0.0
            +---------+---------+-------+---------+---------+-------
